 Dungeon Crawl Stone Soup version 0.22.1-2-g9c5b331383 (webtiles) character file.

438 Peloso the Covered (level 6, 0/55 HPs)
             Began as a Minotaur Fighter on Nov 27, 2018.
             Was an Initiate of Okawaru.
             Slain by a killer bee (4 damage)
             ... on level 3 of the Dungeon.
             The game lasted 00:07:59 (2958 turns).

Peloso the Covered (Minotaur Fighter)               Turns: 2958, Time: 00:07:59

Health: 0/55       AC: 13    Str: 21    XL:     6   Next: 69%
Magic:  5/5        EV:  5    Int: 10    God:    Okawaru [......]
Gold:   156        SH: 10    Dex: 11    Spells: 5/5 levels left

rFire    + . .     SeeInvis .   a - +0 long sword
rCold    + . .     Gourm    .   c - +0 shield
rNeg     + . .     Faith    .   q - +0 plate armour
rPois    +         Spirit   .   (helmet restricted)
rElec    +         Reflect  .   (no cloak)
rCorr    +         Harm     .   r - +0 pair of gloves (curse)
MR       .....     Clarity  +   (no boots)
Stlth    ..........             (no amulet)
HPRegen  0.18/turn              g - +5 ring of intelligence
MPRegen  0.09/turn              p - ring of positive energy

@: lethally poisoned (0 -> -15), resistant
A: retaliatory headbutt, horns 2, clarity, deterioration 1
a: Renounce Religion


You were on level 3 of the Dungeon.
You worshipped Okawaru.
Okawaru was noncommittal.
You were hungry.

You visited 2 branches of the dungeon, and saw 5 of its levels.

You collected 156 gold pieces.

Inventory:

Hand Weapons
 a - a +0 long sword (weapon)
Armour
 b - a +0 scale mail
 c - a +0 shield (worn)
 q - a +0 plate armour (worn)
 r - a cursed +0 pair of gloves (worn)
Jewellery
 g - a +5 ring of intelligence (left hand)
 i - an uncursed ring of ice
 j - a +2 ring of intelligence
 p - a ring of positive energy (right hand)
 v - a +2 amulet of reflection {unknown}
Wands
 n - a wand of random effects (27)
 u - a wand of flame (30)
Scrolls
 e - 2 scrolls of identify {unknown}
 k - 2 scrolls of blinking {unknown}
 m - a scroll of magic mapping {unknown}
 o - 3 scrolls of fear {unknown}
 w - a scroll of enchant weapon {unknown}
Potions
 d - 2 potions of might
Comestibles
 f - 6 rations


   Skills:
 + Level 4.9 Fighting
 + Level 4.4 Long Blades
 + Level 6.0 Armour
 + Level 1.7 Dodging
 + Level 0.2 Stealth
 + Level 5.3 Shields


You had 5 spell levels left.
You didn't know any spells.
Your spell library was empty.

Dungeon Overview and Level Annotations

Branches:
Dungeon (4/15)             Temple (1/1) D:4

Altars:
Elyvilon
Gozag
Makhleb
Okawaru
Ru
Sif Muna
Vehumet
Wu Jian
Yredelemnul
Zin


Innate Abilities, Weirdness & Mutations

You reflexively headbutt those who attack you in melee.
You have a pair of horns on your head.
You possess an exceptional clarity of mind.
Your body sometimes deteriorates upon taking damage.


Message History

You block the killer bee's attack.
The killer bee stings you but does no damage.
The killer bee stings you.
* * * LOW HITPOINT WARNING * * *
You are more poisoned.
The killer bee poisons you!
It was a potion of mutation.
You feel extremely strange.
You feel yourself wasting away.
Your thoughts seem clearer.
* * * LOW HITPOINT WARNING * * *
You feel sick. The killer bee barely misses you. You furiously retaliate!
You headbutt the killer bee.
You riposte.
You miss the killer bee. Your headbutt misses the killer bee.
The killer bee is almost dead.
You block the killer bee's attack. x2
The killer bee stings you but does no damage.
It was a potion of resistance.
You feel protected.
* * * LOW HITPOINT WARNING * * *
You feel sick. The killer bee stings you.
You die...

###### .....# .....#
##### .....# #...# .....#
#...# .....####...######
...............y@#
..####.._...####y#
........8...# #.#
........_...## #.########
.............# #.#......#
.............# #.#......#
.......รท.)...#
#.#......# .............#
#.#......#
.............###.#......#


You could see 2 killer bees.

Vanquished Creatures
  A phantom (D:4)
  2 killer bees
  A hound (D:4)
  An orc priest (D:4)
  A worker ant (D:4)
  A hound skeleton (D:4)
  Robin (D:2)
  3 gnolls (D:4)
  3 adders
  5 dart slugs
  4 leopard geckos
  9 orcs
  3 ball pythons
  6 bats
  4 giant cockroaches
  10 goblins
  14 hobgoblins
  8 kobolds
  A quokka (D:3)
  3 frilled lizards
  4 rats
85 creatures vanquished.

Notes
Turn   | Place    | Note
-------+----------+-------------------------------------------
     0 | D:1      | Peloso the Minotaur Fighter began the quest for the Orb.
     0 | D:1      | Reached XP level 1. HP: 19/19 MP: 0/0
   100 | D:1      | Reached XP level 2. HP: 20/27 MP: 1/1
   303 | D:1      | Reached skill level 4 in Armour
   628 | D:2      | Noticed an ogre
   792 | D:2      | Noticed Robin
   799 | D:2      | Reached XP level 3. HP: 32/34 MP: 2/2
   826 | D:2      | Killed Robin
  1018 | D:3      | Found a deep blue altar of Sif Muna.
  1021 | D:3      | Reached XP level 4. HP: 41/41 MP: 3/3
  1074 | D:3      | Found a glowing silver altar of Zin.
  1082 | D:3      | Found a sacrificial altar of Ru.
  1356 | D:3      | Reached skill level 1 in Dodging
  2075 | D:4      | Found a staircase to the Ecumenical Temple.
  2086 | D:4      | Reached XP level 5. HP: 43/47 MP: 4/4
  2090 | D:4      | Reached skill level 5 in Shields
  2107 | Temple   | Entered the Ecumenical Temple
  2133 | Temple   | Became a worshipper of Warmaster Okawaru
  2222 | D:4      | Noticed a phantom
  2244 | D:4      | Killed a phantom
  2244 | D:4      | Reached XP level 6. HP: 36/55 MP: 5/5
  2311 | D:4      | Found an opulent altar of Gozag.
  2354 | D:4      | Reached skill level 5 in Armour
  2694 | D:3      | Reached * piety under Okawaru
  2694 | D:3      | Reached skill level 6 in Armour
  2957 | D:3      | Gained mutation: Your body sometimes deteriorates upon
                  | taking damage. [potion of mutation]
  2957 | D:3      | Gained mutation: You possess an exceptional clarity of
                  | mind. [potion of mutation]
  2958 | D:3      | Slain by a killer bee

Skill      XL: |  1  2  3  4  5  6 |
---------------+-------------------+-----
Fighting       | 4 |  4.9
Armour         | 4 6 |  6.0
Shields        | 4 5 |  5.3
Long Blades    | 3 4 |  4.4
Dodging        | 1 |  1.7
Stealth        | |  0.2

Action                   |  1- 3 |  4- 6 || total
-------------------------+-------+-------++-------
Melee: Long sword        |    77 |   163 ||   240
       Headbutt          |     7 |    20 ||    27
  Use: Potion            |       |     6 ||     6
  Eat: Chunk             |       |     6 ||     6
Armor: Scale mail        |    52 |     6 ||    58
       Plate armour      |       |    97 ||    97
Dodge: Dodged            |    28 |    52 ||    80
Block: Shield            |    44 |    88 ||   132
       Rpst.: Long sword |     8 |    10 ||    18
